 Dungeon Crawl Stone Soup version 0.02-32-ge3bdf778cf (webtiles) character file.

Game seed: 13067335957546637310, levelgen mode: deterministic

2802 minicreteconcrete the Cleaver (level 9, -20/78 HPs) Hill Orc Demonspawn. Began on Sept 3, 2020. Was a Follower of Beogh. Demolished by a two-headed ogre ... wielding a cursed +0 dire flail {(Curse: -Vis)} (25 damage) ... on level 4 of the Dungeon. The game lasted 00:21:05 (4152 turns).

minicreteconcrete the Cleaver (Hill Orc Demonspawn) Turns: 4152, Time: 00:21:07

Health: -20/78     AC:  7    Str: 20    XL:     9 ^: 645
Magic:  10/10      EV: 13    Int: 12    God:    Beogh [1* [37]]
Gold:   134        SH:  0    Dex: 10    Spells: 10/11 levels left

rFire    + . .     Vision   .   a - +1 war axe
rCold    . . .     Gourm    .     - Unarmed
rNeg     . . .     Faith    .   b - +0 leather armour
rPois    .         Spirit   .   (no helmet)
rElec    .         Reflect  .   (no cloak)
rCorr    .         Harm     .   (no gloves)
MR       .....     Clarity  +   h - +1 pair of boots
Stlth    +.........             (no amulet)
HPRegen  0.36/turn              (no ring)
MPRegen  0.20/turn              (no ring)

@: no status effects
A: slimy green scales 1, clarity, fire resistance 1, low mp 1, spiny 2, flame
cloud immunity
a: Renounce Religion


You were on level 4 of the Dungeon.
You worshipped Beogh.
Beogh was aware of your devotion.
You were not hungry.

You visited 1 branch of the dungeon, and saw 5 of its levels.

You collected 134 gold pieces.

Inventory:

Weapons
 a - a +1 war axe (weapon)
 f - a +0 hand crossbow
 g - a +3 dagger Shields
 w - a cursed +1 heater shield of protection {(Curse: *Corrode)}
Armour
 b - a +0 leather armour (worn)
 h - a +1 pair of boots (worn)
 r - a +1 hat
 y - a +0 pair of boots
Jewellery
 p - a cursed amulet of the acrobat {(Curse: rC- Slay-6)}
Wands
 t - a wand of acid (14)
 x - a wand of ensnaring (12)
Scrolls
 c - 4 scrolls of teleportation
 i - a scroll of fear
 j - 2 scrolls of amnesia
 k - a scroll of magic mapping
 m - 2 scrolls of immolation
 o - 2 scrolls of blinking
Potions
 e - a potion of brilliance
 l - 2 potions of agility
 q - 2 potions of curing
 s - a potion of resistance
 u - a potion of berserk rage
 v - a potion of haste
 z - a potion of ambrosia
Comestibles
 d - 10 rations
 n - 2 chunks of flesh


   Skills:
 + Level 6.7 Fighting
 + Level 11.5 Axes & Hammers
 + Level 3.5 Armour
 + Level 4.1 Dodging
 - Level 1.5 Stealth
 - Level 3.0 Unarmed Combat
 + Level 1.8 Spellcasting
 + Level 3.6 Invocations


You had 10 spell levels left.
You knew the following spells:

 Your Spells              Type           Power        Failure   Level  Hunger
a - Flame Tongue          Fire           1 (40)       30%         1    ##.....

Your spell library contained the following spells:

 Spells                   Type           Power        Failure   Level  Hunger
 Blink                    Tloc           N/A          41%         2    ###....
 Call Imp                 Summ           1 (100)      41%         2    ###....
 Slow                     Hex            1 (100)      41%         2    ###....
 Conjure Flame            Fire           1 (100)      65%         3    ####...
 Mephitic Cloud           Pois/Air       1 (100)      65%         3    ####...


Dungeon Overview and Level Annotations

Branches:
Dungeon (5/8)              Temple (0/1) D:4
   Lair: D:5

Altars:
Wu Jian
Zin

Annotations:
D:3 Dowan


Innate Abilities, Weirdness & Mutations

You are partially covered in slimy green scales. (AC +2)
You are heat resistant. (rF+)
You are mostly covered in sharp spines.
You are immune to clouds of flame.
You possess an exceptional clarity of mind.
Your magical capacity is low. (-10% MP)


Message History

You barely miss the two-headed ogre.
The two-headed ogre is moderately wounded. (36/54) HP The two-headed ogre is struck by your spines.
The two-headed ogre hits you with a cursed +0 dire flail {(Curse: -Vis)} (7)!
The two-headed ogre hits you with a +0 giant club (13)!
You hit the two-headed ogre (6).
The two-headed ogre is severely wounded. (19/54) HP You hit the two-headed ogre (3).
The two-headed ogre is severely wounded. (16/54) HP The two-headed ogre is struck by your spines.
The two-headed ogre hits you with a cursed +0 dire flail {(Curse: -Vis)} (11)!
* * * LOW HITPOINT WARNING * * *
The two-headed ogre closely misses you (0).
You barely miss the two-headed ogre. You hit the two-headed ogre (2).
The two-headed ogre is almost dead. (10/54) HP The two-headed ogre is struck by your spines.
The two-headed ogre hits you with a cursed +0 dire flail {(Curse: -Vis)} (14)!
* * * LOW HITPOINT WARNING * * *
The two-headed ogre hits you with a +0 giant club (25)!!
You die...

#....#†#........<.#
####....#
##........#........#
#.......#
##........>........#
#....####
##....##.....####### #..#.#
......###.....### ###..#.#
########........####...##.#
###>......##..........###.##
....#####.####.O......#
#..##### #.### #.#
#[.@.....####.....# #.# ##.#
#.....##....#.....# #.# #..#
#....######...)...# #.# #.##
#....# ###.....# #†## #.#
##...# #.....# #..# #.#
##..## #.....# ##.## #.#
#...# #.....# #..####.#
#...# #.....# ##...##.#
#...# #.....#


You could see a two-headed ogre.

Vanquished Creatures
  A spriggan (D:4)
  A necrophage (D:5)
  Duvessa (D:3)
  A porcupine (D:4)
  A sky beast (D:4)
  2 black bears (D:4)
  2 ogres
  A crocodile (D:2)
  5 big kobolds
  5 bullfrogs
  A gnoll sergeant (D:3)
  A scorpion (D:4)
  A crimson imp (D:3)
  5 orc priests (D:4)
  5 hounds
  Natasha (twice) (D:2)
  An iguana (D:3)
  5 worker ants
  A bullfrog zombie (D:3)
  A bullfrog skeleton (D:4)
  8 adders
  4 gnolls (D:3)
  28 sewer rats
  5 worms
  8 cinder newts
  5 oozes
  3 dart slugs (D:1)
  8 leopard geckos
  6 orcs
  2 adder skeletons
  5 ball pythons
  7 giant cockroaches
  6 goblins (D:1)
  5 hobgoblins (D:1)
  4 quokkas
  7 bats
  A bat skeleton (D:2)
  21 kobolds
  A rat (D:1)
  A rat skeleton (D:2)
  2 withered plants (D:2)
180 creatures vanquished.

Vanquished Creatures (others)
  An adder (D:2)
  10 sewer rats (D:2)
  A worm (D:2)
  An ooze (D:2)
  A giant cockroach (D:2)
  3 kobolds (D:2)
  2 bats (D:2)
  A rat (D:2)
  A fungus (D:5)
  A giant blowfly (D:2)
  9 plants
  2 slimeheads (D:2)
  116 withered plants (D:2)
149 creatures vanquished.

Grand Total: 329 creatures vanquished

Notes
Turn   | Place    | Note
-------+----------+-------------------------------------------
     0 | D:1      | minicreteconcrete the Hill Orc Demonspawn began the quest
                  | for the Orb.
     0 | D:1      | Reached XP level 1. HP: 18/18 MP: 3/3
    88 | D:1      | Gained mutation: You are partially covered in sharp spines.
                  | [demonic ancestry]
    88 | D:1      | Reached XP level 2. HP: 14/25 MP: 4/4
   136 | D:1      | Reached skill level 3 in Axes & Hammers
   203 | D:1      | Gained mutation: You are partially covered in slimy green
                  | scales. (AC +2) [demonic ancestry]
   203 | D:1      | Reached XP level 3. HP: 28/30 MP: 5/5
   534 | D:1      | Gained mutation: You are heat resistant. (rF+) [demonic
                  | ancestry]
   534 | D:1      | Reached XP level 4. HP: 16/37 MP: 6/6
   537 | D:1      | Reached skill level 4 in Axes & Hammers
   688 | D:2      | Noticed a big kobold
   705 | D:1      | Killed a big kobold
   705 | D:1      | Reached skill level 1 in Armour
   705 | D:1      | Reached XP level 5. HP: 20/45 MP: 7/7
   857 | D:2      | Reached skill level 5 in Axes & Hammers
   857 | D:2      | Reached skill level 1 in Unarmed Combat
   857 | D:2      | Reached XP level 6. HP: 29/51 MP: 8/8
   986 | D:2      | Reached skill level 6 in Axes & Hammers
   993 | D:2      | Gained mutation: You are mostly covered in sharp spines.
                  | [demonic ancestry]
   993 | D:2      | Reached XP level 7. HP: 20/57 MP: 9/9
  1275 | D:2      | Reached skill level 7 in Axes & Hammers
  1343 | D:2      | Found a glowing silver altar of Zin.
  1458 | D:2      | Noticed Natasha
  1477 | D:2      | Killed Natasha
  1548 | D:2      | Reached XP level 8. HP: 67/67 MP: 10/10
  1654 | D:2      | Reached skill level 8 in Axes & Hammers
  2104 | D:2      | Noticed Natasha
  2125 | D:2      | Killed Natasha
  3079 | D:3      | Reached skill level 5 in Fighting
  3079 | D:3      | Reached skill level 9 in Axes & Hammers
  3154 | D:3      | Noticed Duvessa
  3155 | D:3      | Noticed Dowan
  3174 | D:3      | Killed Duvessa
  3186 | D:4      | Gained mutation: Your magical capacity is low. (-10% MP)
                  | [potion of mutation]
  3186 | D:4      | Gained mutation: You possess an exceptional clarity of
                  | mind. [potion of mutation]
  3369 | D:4      | Became a worshipper of Beogh the Brigand
  3384 | D:4      | Gained mutation: You are immune to clouds of flame.
                  | [demonic ancestry]
  3384 | D:4      | Reached XP level 9. HP: 59/74 MP: 10/10
  3392 | D:4      | Reached skill level 10 in Axes & Hammers
  3650 | D:4      | Found a staircase to the Ecumenical Temple.
  3951 | D:4      | Reached * piety under Beogh
  3963 | D:4      | Reached skill level 11 in Axes & Hammers
  4108 | D:5      | Entered Level 5 of the Dungeon
  4126 | D:5      | Found an ornate altar of the Wu Jian Council.
  4140 | D:5      | Noticed a two-headed ogre
  4152 | D:4      | Demolished by a two-headed ogre

Levels and vault maps discovered:
D:1:      nicolae_arrival_washed_ashore, layout_rooms
D:2:      layout_sewer, lemuel_doored_altar, first_ration, kennysheep_nub,
          uniq_natasha
D:3:      layout_basic, minmay_lizard_king, uniq_duvessa
D:4:      layout_rooms, temple_green, the_bakery
D:5:      layout_twisted_cavern, overflow_temple_1_default,
          bcadren_lemuel_inverted_doored_altar, kennysheep_mini,
          grunt_lair_entry_orc_guard_hut, basic_altar, ebering_ghost_sewer_f

Skill      XL: |  1  2  3  4  5  6  7  8  9 |
---------------+----------------------------+-----
Axes & Hammers | 3 4 5 6 7 9 11 | 11.5
Fighting       | 3 4 5 6 |  6.7
Armour         | 1 2 3 |  3.5
Dodging        | 3 4 |  4.1
Unarmed Combat | 1 2 3 |  3.0
Stealth        | |  1.5
Spellcasting   | |  1.8
Invocations    | |  3.6

Action                   |  1- 3 |  4- 6 |  7- 9 || total
-------------------------+-------+-------+-------++-------
Melee: War axe           |    51 |    58 |   275 ||   384
       Unarmed           |    29 |    51 |   219 ||   299
Invok: Convert to Beogh  |       |       |     1 ||     1
Evoke: Wand              |       |       |     4 ||     4
  Use: Potion            |       |     1 |     1 ||     2
       Scroll            |       |       |     1 ||     1
 Stab: Sleeping          |     1 |       |     2 ||     3
  Eat: Chunk             |       |     1 |    11 ||    12
Armor: Leather armour    |     7 |    14 |    69 ||    90
Dodge: Dodged            |    45 |    43 |   168 ||   256
